 Dungeon Sprint DCSS version 0.20-a0-833-gc632bec (webtiles) character file.

625 esc the Fighter (level 7, -1/63 HPs)
             Began as a Demonspawn Berserker on Mar 7, 2017.
             Was a Priest of Trog.
             Slain by Sonja
             ... wielding a +2 dagger of draining
              (2 damage)
             ... in the Dungeon (Sprint I: "Red Sonja").
             The game lasted 00:02:17 (450 turns).

esc the Fighter (Demonspawn Berserker)               Turns: 450, Time: 00:02:17

Health: -1/63      AC:  3    Str: 19    XL:     7   Next: 23%
Magic:  0/7        EV: 11    Int:  9    God:    Trog [***...]
Gold:   405        SH:  0    Dex: 12    Spells: 6/6 levels left

rFire    . . .     SeeInvis .   a - +0 falchion
rCold    . . .     Gourm    .   l - +0 leather armour
rNeg     . . .     Faith    .   (no shield)
rPois    .         Spirit   +   (helmet restricted)
rElec    .         Reflect  .   (no cloak)
rCorr    .         Harm     .   (no gloves)
MR       .....     NoTele   +   (no boots)
Stlth    +.........             (no amulet)
Regen    0.2/turn               (no ring)
MPRegen  0.1/turn               (no ring)

@: exhausted, slowed, very heavily drained, very slow
A: horns 1, magic shield, sturdy frame 1
a: Berserk, Trog's Hand, Burn Spellbooks, Renounce Religion


You were in the Dungeon.
You worshipped Trog.
Trog was most pleased with you.
You were very hungry.

You visited 1 branch You collected 405 gold pieces.

Inventory:

Hand Weapons
 a - a +0 falchion (weapon)
Armour
 b - a +0 animal skin
 l - a +0 leather armour (worn)
   (You found it in the Dungeon)
Scrolls
 i - a scroll of blinking {!r}
Potions
 e - a potion of heal wounds
 f - a potion of haste
 g - 2 potions of magic
 h - a potion of berserk rage {!q}
 j - a potion of ambrosia {unknown}
 k - a potion of invisibility {unknown}
Comestibles
 c - a bread ration {@e1}


   Skills:
 + Level 8.4(0.0) Fighting
 + Level 7.7(0.0) Long Blades
 + Level 7.4(0.0) Armour
 + Level 7.4(0.0) Dodging


You had 6 spell levels left.
You didn't know any spells.

Dungeon Overview and Level Annotations

Branches:
Dungeon (1/1)

Altars:
Cheibriados
Dithmenos
Elyvilon
Fedhas
Gozag
Hepliaklqana
Kikubaaqudgha
Makhleb
Nemelex Xobeh
Okawaru
Qazlal
Ru
Sif Muna
Trog
Uskayaw
Vehumet
Wu Jian
Xom
Yredelemnul
Zin
The Shining One
Jiyva
Lugonu

Shops:
D (

Annotations:
D Sonja


Innate Abilities, Weirdness & Mutations

You have a pair of small horns on your head.
When hurt, damage is shared between your health and your magic reserves.
Your movements are slightly less encumbered by armour. (ER -2)


Message History

Sonja hits you but does no damage.
You feel drained.
You take 5 damage, and have 15/63 hp.
Unknown command.
Unknown command.
Unknown command.
You feel better.
Sonja gestures wildly while chanting.
Sonja blinks!
You regained 8 hp, and now have 23/63 hp.
Unknown command.
You close the door.
Okay, then.
You start resting.
Sonja, the Graceful Assassin opens the door.
She is wielding a dagger of draining.
Unknown command.
Unknown command.
You aren't carrying any items that you can evoke.
Unknown command.
Sonja closely misses you.
You riposte.
You barely miss Sonja. Sonja closely misses you. Sonja barely misses you.
Sonja hits you but does no damage.
You feel drained. Sonja misses you. Sonja closely misses you.
Sonja hits you but does no damage.
You feel drained. Sonja barely misses you. x2
There is an open door here.
Unknown command.
Unknown command.
You completely miss Sonja. Sonja closely misses you.
Sonja completely misses you.
Sonja hits you with an uncursed dagger of draining.
You feel drained. Sonja hits you but does no damage.
You feel drained. Sonja hits you but does no damage.
You feel drained.
Sonja hits you with an uncursed dagger of draining.
You feel drained.
You take 3 damage, and have 21/63 hp.
You now have 2/7 mp.
Unknown command.
Unknown command.
You barely miss Sonja. Your headbutt misses Sonja. Sonja misses you.
You riposte.
You completely miss Sonja.
Sonja hits you with an uncursed dagger of draining.
You feel drained. Sonja hits you but does no damage.
You feel drained.
Sonja hits you with an uncursed dagger of draining.
* * * LOW HITPOINT WARNING * * *
You feel drained. Sonja hits you but does no damage.
You feel drained. Sonja closely misses you.
You take 6 damage, and have 15/63 hp.
You now have 1/7 mp.
You are too injured to fight recklessly!
Unknown command.
Unknown command.
You are too injured to fight recklessly!
You completely miss Sonja. Sonja hits you but does no damage.
You feel drained.
Sonja hits you with an uncursed dagger of draining.
* * * LOW HITPOINT WARNING * * *
You feel drained.
* * * LOW HITPOINT WARNING * * *
Sonja hits you but does no damage.
You feel drained. Sonja barely misses you.
You riposte.
You closely miss Sonja. Your headbutt misses Sonja.
Sonja hits you but does no damage.
You feel drained. Sonja closely misses you. Sonja hits you but does no damage.
You feel drained. Sonja completely misses you.
Sonja hits you with an uncursed dagger of draining.
* * * LOW HITPOINT WARNING * * *
You feel drained.
* * * LOW HITPOINT WARNING * * *
You take 7 damage, and have 8/63 hp.
Unknown command.
Unknown command.
Unknown command.
Unknown command.
You closely miss Sonja. Sonja closely misses you.
Sonja hits you with an uncursed dagger of draining.
* * * LOW HITPOINT WARNING * * *
You feel drained.
Sonja hits you with an uncursed dagger of draining.
* * * LOW HITPOINT WARNING * * *
You feel drained.
* * * LOW HITPOINT WARNING * * *
Sonja mumbles some strange words.
Sonja blinks!
You take 3 damage, and have 5/63 hp.
Unknown command.
Unknown command.
Unknown command.
Sonja hits you with an uncursed dagger of draining.
* * * LOW HITPOINT WARNING * * *
You feel drained.
You die...

######################
#<.#..)..#..'..#__#..+
#..)..#..').#..'..'..#
#..#####'#####'#__####
#..####..#...#(####
#..#__####..##.#
#..#_____##'#_.+
#⌠⌠#_.∩...'.K._#
####_..__##_@#'#
#_____###'#.#
#########.### +$.$+
#$.$# ##.## #+#


You could see Sonja.

Vanquished Creatures
  A slime creature (D)
  Sigmund (D)
  A yak (D)
  An ogre (D)
  A jelly (D)
  Ijyb (D)
6 creatures vanquished.

Notes
Turn   | Place    | Note
-------+----------+-------------------------------------------
     0 | D        | esc the Demonspawn Berserker began the quest for the Orb.
     0 | D        | Reached XP level 1. HP: 18/18 MP: 1/1
     1 | D        | Noticed Ijyb
     7 | D        | Killed Ijyb
     7 | D        | Reached skill level 4 in Fighting
     7 | D        | Reached skill level 3 in Long Blades
     7 | D        | Reached skill level 3 in Armour
     7 | D        | Reached skill level 3 in Dodging
     7 | D        | Gained mutation: Your movements are slightly less encumbered by armour. (ER -2) [demonic ancestry]
     7 | D        | Reached XP level 2. HP: 25/25 MP: 2/2
    47 | D        | Noticed an ogre
    52 | D        | Killed an ogre
    52 | D        | Reached skill level 5 in Fighting
    52 | D        | Reached skill level 4 in Long Blades
    52 | D        | Reached skill level 4 in Armour
    52 | D        | Reached skill level 4 in Dodging
    52 | D        | Gained mutation: You have a pair of small horns on your head. [demonic ancestry]
    52 | D        | Reached XP level 3. HP: 33/33 MP: 3/3
    52 | D        | Reached XP level 4. HP: 39/39 MP: 4/4
   125 | D        | Noticed Sigmund
   135 | D        | Killed Sigmund
   135 | D        | Reached ** piety under Trog
   135 | D        | Reached skill level 6 in Fighting
   135 | D        | Reached skill level 6 in Long Blades
   135 | D        | Reached skill level 5 in Armour
   135 | D        | Reached skill level 5 in Dodging
   135 | D        | Reached XP level 5. HP: 47/47 MP: 5/5
   165 | D        | Found an ornate altar of the Wu Jian Council.
   165 | D        | Found a deep blue altar of Sif Muna.
   167 | D        | Found a radiant altar of Vehumet.
   170 | D        | Reached skill level 7 in Fighting
   170 | D        | Reached skill level 6 in Armour
   170 | D        | Reached skill level 6 in Dodging
   170 | D        | Reached XP level 6. HP: 52/55 MP: 6/6
   195 | D        | Found Neemmaol's Weapon Emporium.
   195 | D        | Found an ancient bone altar of Kikubaaqudgha.
   195 | D        | Found a hazy altar of Hepliaklqana.
   195 | D        | Found a stormy altar of Qazlal.
   195 | D        | Found a hide-covered altar of Uskayaw.
   195 | D        | Found a blossoming altar of Fedhas.
   195 | D        | Found a bloodstained altar of Trog.
   195 | D        | Found an iron altar of Okawaru.
   195 | D        | Found a basalt altar of Yredelemnul.
   195 | D        | Found a glowing golden altar of the Shining One.
   195 | D        | Found a snail-covered altar of Cheibriados.
   195 | D        | Found a sacrificial altar of Ru.
   195 | D        | Found a glowing silver altar of Zin.
   195 | D        | Found a shadowy altar of Dithmenos.
   195 | D        | Found a white marble altar of Elyvilon.
   195 | D        | Noticed a yak
   196 | D        | Found an opulent altar of Gozag.
   202 | D        | Killed a yak
   202 | D        | Reached skill level 7 in Long Blades
   203 | D        | Found a sparkling altar of Nemelex Xobeh.
   343 | D        | Found a viscous altar of Jiyva.
   343 | D        | Found a corrupted altar of Lugonu.
   343 | D        | Noticed a slime creature
   344 | D        | Found a burning altar of Makhleb.
   344 | D        | Found a shimmering altar of Xom.
   352 | D        | Killed a slime creature
   352 | D        | Reached *** piety under Trog
   352 | D        | Reached skill level 8 in Fighting
   352 | D        | Reached skill level 7 in Armour
   352 | D        | Reached skill level 7 in Dodging
   352 | D        | Gained mutation: When hurt, damage is shared between your health and your magic reserves. [demonic ancestry]
   352 | D        | Reached XP level 7. HP: 63/63 MP: 7/7
   432 | D        | Noticed Sonja
   441 | D        | HP: 15/63 [Sonja/uncursed dagger of draining (1)]
   447 | D        | HP: 15/63 [Sonja/uncursed dagger of draining (5)]
   449 | D        | HP: 6/63 [Sonja/uncursed dagger of draining (2)]
   450 | D        | HP: 1/63 [Sonja/uncursed dagger of draining (4)]
   450 | D        | Slain by Sonja

Vault maps used:
D:        dungeon_sprint_1

Skill      XL: |  1  2  3  4  5  6 |
---------------+-------------------+-----
Fighting       | 4 5 6 7 8 |  8.4
Long Blades    | 3 4 6 7 |  7.7
Armour         | 3 4 5 6 7 |  7.4
Dodging        | 3 4 5 6 7 |  7.4

Action                   |  1- 3 |  4- 6 |  7- 9 || total
-------------------------+-------+-------+-------++-------
Melee: Falchion          |     9 |    22 |     6 ||    37
       Headbutt          |       |     3 |       ||     3
Invok: Berserk           |     2 |     3 |     1 ||     6
  Use: Potion            |       |       |     1 ||     1
  Eat: Chunk             |       |     2 |     1 ||     3
Armor: Leather armour    |       |       |    10 ||    10
Dodge: Dodged            |     3 |     6 |    23 ||    32
       Rpst.: Falchion   |       |       |     4 ||     4

Vault maps used:
D:        dungeon_sprint_1

Table legend:
 A = Turns spent in this place as a percentage of turns spent in the entire game.
 B = Non-inter-level travel turns spent in this place as a percentage of non-inter-level travel turns spent in the entire game.
 C = Inter-level travel turns spent in this place as a percentage of turns spent in this place.
 D = Turns resting spent in this place as a percentage of non-inter-level travel turns spent in this place.
 E = Turns spent auto-exploring this place as a percentage of non-inter-level travel turns spent in this place.
 F = Non-inter-level travel turns spent in this place divided by the number of levels of this place that you've seen.
                   A       B       C       D       E      F
               +-------+-------+-------+-------+-------+----------------------
         Total | 100.0 | 100.0 |   0.0 |  10.7 |   0.0 | 205.0
       Dungeon | 100.0 | 100.0 |   0.0 |  10.7 |   0.0 | 205.0
               +-------+-------+-------+-------+-------+----------------------

Table legend:
 A = Kills in this place as a percentage of kills in entire the game.
 B = Kills by you in this place as a percentage of kills by you in the entire game.
 C = Kills by friends in this place as a percentage of kills by friends in the entire game.
 D = Other kills in this place as a percentage of other kills in the entire game.
 E = Experience gained in this place as a percentage of experience gained in the entire game.
 F = Experience gained in this place divided by the number of levels of this place that you have seen.
                   A       B       C       D       E      F
               +-------+-------+-------+-------+-------+----------------------
         Total | 100.0 | 100.0 |  -nan |  -nan | 100.0 | 893.0
       Dungeon | 100.0 | 100.0 |  -nan |  -nan | 100.0 | 893.0
               +-------+-------+-------+-------+-------+----------------------
